 Dungeon Crawl Stone Soup version 0.31.0-9-g3a7656b989 (webtiles) character file.

Game seed: 10893066341262317767

72 qw the Shooter (level 4, 0/23 HPs)
             Began as a Spriggan Hunter on Feb 2, 2024.
             Shot with an arrow by a naga sharpshooter (18 damage)
             ... on level 3 of the Dungeon.
             The game lasted 00:00:06 (1418 turns).

qw the Shooter (Spriggan Hunter)                    Turns: 1418, Time: 00:00:06

Health: 0/23       AC:  2    Str:  5 (7)  XL:     4   Next: 6%
Magic:  5/5        EV: 19    Int: 10      God:
Gold:   130        SH:  0    Dex: 19 (20) Spells: 3/3 levels left

rFire   . . .        d - +4 shortbow (flame)
rCold   . . .        (shield currently unavailable)
rNeg    . . .        c - +0 robe
rPois   x            (helmet restricted)
rElec   .            (no cloak)
rCorr   .            (gloves unavailable)
SInv    +            (boots unavailable)
Will    .....        (no amulet)
Stlth   ++           (no ring)
HPRegen 0.23/turn    (no ring)
MPRegen 0.09/turn

%: no passive effects
@: poison vulnerable, hasted, very quick
A: very small, no large weapons, unfitting armour, see invisible, speed 3
a: no special abilities


You were on level 3 of the Dungeon.
You visited 1 branch of the dungeon, and saw 3 of its levels.

You collected 130 gold pieces.


Innate Abilities, Weirdness & Mutations

You are very small and have problems with some larger weapons.
You are too small for most types of armour.
You have supernaturally acute eyesight. (SInv)
You cover ground extremely quickly. (Speed+++)


   Skills:
 - Level 1.9 Fighting
 - Level 5.0 Ranged Weapons
 + Level 4.0 Dodging
 - Level 1.5 Stealth


You had 3 spell levels left.
You didn't know any spells.
Your spell library was empty.

Inventory:

Hand Weapons
 d - a +4 shortbow of flaming (weapon)
Armour
 c - a +0 robe (worn)
Wands
 h - a wand of mindburst (21)
Potions
 f - 3 potions of curing
 g - a potion of magic {unknown}
 i - a potion of brilliance {unknown}

Dungeon Overview and Level Annotations

Branches:
Dungeon (3/15)

Altars:


Message History

You shoot an arrow. The arrow misses the adder.
The adder misses you. The adder closely misses you.
You shoot an arrow. The arrow misses the adder.
The adder bites you.
You shoot an arrow. The arrow hits the adder.
The arrow burns the adder.
You kill the adder!
You feel your dexterity returning.
You have reached level 4!
You start resting.
HP restored.
You now have 130 gold pieces (gained 11).
A dart slug comes into view.
A malevolent force fills the Dungeon... and a teleportation trap spontaneously manifests!
You are yanked towards some nearby monsters!
Your surroundings suddenly seem different.
A shock serpent, a black mamba, a naga sharpshooter and a naga ritualist come into view.
The black mamba hisses angrily.
The naga sharpshooter shouts!
The shock serpent hisses angrily.
The naga ritualist shouts!
You hear an angry hiss. x2
The naga sharpshooter hits you with a +0 flail.
The naga sharpshooter misses you.
A mana viper comes into view.
The dart slug moves out of view.
You hear an angry hiss.
You hear a shout!
1417 ||| DRINKING potion of haste.
You feel yourself speed up.
You hear a shout!
You hear an angry hiss.
The naga sharpshooter spits poison at you.
The splash of poison misses you.
The naga ritualist calls down the wrath of its god upon you.
You feel yourself grow more vulnerable to poison.
You shoot an arrow. The arrow hits the naga sharpshooter.
The arrow burns the naga sharpshooter.
The naga sharpshooter is lightly wounded.
The naga sharpshooter unwields a +0 flail.
The naga sharpshooter wields a +0 shortbow.
The naga sharpshooter casts a spell.
The naga sharpshooter magically shoots an arrow.
The arrow hits you!!
Ouch! That really hurt!
You die...

#P.~~~~~~.P
..P.~~~~..P
.....~~.... #
P........ ### #.
#.##.#.#
..#.#.###....#.%
SS#......##.....
##N#
#.#......### #@#
#......%....
##N#
##...<.###..
#S#..........#..
##..#....##.#..
#........ ....
#.............
#...#...#####.
#...#.... .. #..
#..## ###


You could see a naga sharpshooter (catching breath), a naga ritualist, a shock
serpent, a mana viper and a black mamba.

Vanquished Creatures
  3 adders
  A dart slug (D:2)
  3 orcs (D:3)
  4 endoplasms
  3 giant cockroaches (D:2)
  2 goblins (D:1)
  4 hobgoblins (D:1)
  2 jackals (D:1)
  2 ball pythons
  4 bats
  2 frilled lizards (D:1)
  5 kobolds
  4 rats
39 creatures vanquished.

Notes
Turn   | Place    | Note
-------+----------+-------------------------------------------
     0 | D:1      | qw the Spriggan Hunter began the quest for the Orb.
     0 | D:1      | Reached XP level 1. HP: 10/10 MP: 2/2
     0 | D:1      | 0 ||| qw: Version: 0.3-a-155-g5e7d8dd
     0 | D:1      | 0 ||| qw: Game counter: 1622
     0 | D:1      | 0 ||| qw: Melee chars always use a shield: true
     0 | D:1      | 0 ||| qw: God list: Okawaru
     0 | D:1      | 0 ||| qw: Allow faded altars: false
     0 | D:1      | 0 ||| qw: Do Orc after clearing Dungeon:15 true
     0 | D:1      | 0 ||| qw: Do second Lair branch before Depths: true
     0 | D:1      | 0 ||| qw: Lair rune preference: random
     0 | D:1      | 0 ||| qw: Goals: Normal
     0 | D:1      | 0 ||| PLANNING D:1-11
    40 | D:1      | You fall into a shaft and drop 1 floor!
    64 | D:2      | Reached skill level 3 in Dodging
   108 | D:2      | 108 ||| READING scroll labelled EBIASUUSTI.
   108 | D:2      | 108 ||| IDENTIFYING silvery potion
   109 | D:2      | 109 ||| DRINKING 2 coppery potions.
   110 | D:2      | 110 ||| DROPPING scroll of butterflies.
   111 | D:2      | 111 ||| DROPPING potion of degeneration.
   114 | D:2      | 114 ||| FLEEEEING.
   115 | D:2      | 115 ||| FLEEEEING.
   116 | D:2      | 116 ||| FLEEEEING.
   117 | D:2      | 117 ||| FLEEEEING.
   118 | D:2      | 118 ||| STAIRDANCE
   216 | D:1      | Reached XP level 2. HP: 14/14 MP: 3/3
   941 | D:1      | 941 ||| READING 2 scrolls of identify.
   941 | D:1      | 941 ||| IDENTIFYING dark potion
   942 | D:1      | 942 ||| READING scroll of identify.
   942 | D:1      | 942 ||| IDENTIFYING bubbling amethyst potion
   943 | D:1      | 943 ||| READING scroll labelled QONGAH WOIKKEARU.
   944 | D:1      | 944 ||| READING scroll labelled SIBATR XAMOY.
   944 | D:1      | Identified a scroll of acquirement
   944 | D:1      | 944 ||| ACQUIRING +4 shortbow of flaming
   944 | D:1      | Acquired a +4 shortbow of flaming
   946 | D:1      | 946 ||| SWAPPING to +4 shortbow of flaming.
   947 | D:1      | 947 ||| DROPPING +0 shortbow.
   948 | D:1      | 948 ||| DROPPING potion of berserk rage.
   986 | D:2      | 986 ||| STAIRDANCE
   988 | D:1      | 988 ||| RETREEEEATING.
   989 | D:1      | 989 ||| RETREEEEATING.
   990 | D:1      | 990 ||| RETREEEEATING.
   991 | D:1      | 991 ||| RETREEEEATING.
   994 | D:1      | Reached XP level 3. HP: 8/18 MP: 4/4
  1350 | D:2      | 1350 ||| READING scroll labelled SIRATO JACHUOF.
  1353 | D:2      | 1353 ||| READING scroll labelled CIM MAN NEJI.
  1378 | D:3      | Reached skill level 5 in Ranged Weapons
  1398 | D:3      | Reached XP level 4. HP: 20/23 MP: 5/5
  1416 | D:3      | Noticed a shock serpent
  1416 | D:3      | Noticed a black mamba
  1416 | D:3      | Noticed a naga sharpshooter
  1416 | D:3      | Noticed a naga ritualist
  1416 | D:3      | Noticed a mana viper
  1417 | D:3      | 1417 ||| DRINKING potion of haste.
  1418 | D:3      | Shot with an arrow by a naga sharpshooter

Levels and vault maps discovered:
D:1:      tarquinn_simple_flora_water_e, layout_basic, palyth_stone_intersect
D:2:      layout_basic, item_on_display_b
D:3:      layout_rooms, grunt_ashenzari_visionary
          [grunt_ashenzari_visionary_shoals, grunt_ashenzari_visionary_snake],
          interstate_on_off, guppyfry_early_lair_pool

Skill      XL: |  1  2  3 |
---------------+----------+-----
Dodging        | 3 4 |  4.0
Ranged Weapons | 5 |  5.0
Fighting       | |  1.9
Stealth        | |  1.5

Action                     |  1- 3 |  4- 6 || total
---------------------------+-------+-------++-------
   Fire: Shortbow          |    97 |     1 ||    98
    Use: Scroll            |     7 |       ||     7
         Potion            |     1 |     1 ||     2
 Armour: Robe              |    15 |     2 ||    17
  Dodge: Dodged            |    37 |     2 ||    39

Table legend:
 A = Non-vault XP
 B = Vault XP
 C = Vault XP percentage of total XP
 D = Non-vault monster count
 E = Vault monster count
 F = Vault count percentage of total count
                 A         B        C        D         E       F
            +---------+---------+-------+---------+---------+-------
      Total |     103 |       0 |   0.0 |      39 |       0 |   0.0
            +---------+---------+-------+---------+---------+-------
        D:1 |      57 |       0 |   0.0 |      21 |       0 |   0.0
        D:2 |      20 |       0 |   0.0 |      11 |       0 |   0.0
        D:3 |      26 |       0 |   0.0 |       7 |       0 |   0.0
            +---------+---------+-------+---------+---------+-------
